 Dungeon Crawl Stone Soup version 0.23.0 (webtiles) character file.

Game seed: 8300700809201843887

79 tv1990 the Chopper (level 4, -2/55 HPs)
             Began as a Formicid Monk on Feb 11, 2019.
             Slain by Natasha (3 damage)
             ... on level 2 of the Dungeon.
             The game lasted 00:06:01 (1586 turns).

tv1990 the Chopper (Formicid Monk)                  Turns: 1586, Time: 00:06:01

Health: -2/55      AC: 22    Str: 16    XL:     4   Next: 64%
Magic:  4/4        EV:  2    Int: 10    God:
Gold:   170        SH:  4    Dex: 13    Spells: 3/3 levels left

rFire    . . .     SeeInvis .   a - +0 hand axe
rCold    . . .     Gourm    .   d - +0 buckler
rNeg     + + +     Faith    .   (armour currently unavailable)
rPois    +         Spirit   .   (helmet unavailable)
rElec    .         Reflect  .   (cloak currently unavailable)
rCorr    .         Harm     .   (gloves currently unavailable)
MR       .....                  (boots currently unavailable)
Stlth    ++........             j - amulet of magic regeneration
HPRegen  0.18/turn              (no ring)
MPRegen  0.34/turn              (no ring)

@: tree-form
A: permanent stasis, dig shafts and tunnels, four strong arms
a: no special abilities


You were on level 2 of the Dungeon.
You were very hungry.
You were a tree.
You visited 1 branch of the dungeon, and saw 3 of its levels.

You collected 170 gold pieces.

Inventory:

Hand Weapons
 a - a +0 hand axe (weapon)
Armour
 b - a +0 robe
 d - a +0 buckler (worn)
 m - a +0 ring mail (melded)
Jewellery
 j - an amulet of magic regeneration (around neck)
 o - an uncursed ring of poison resistance {unknown}
Scrolls
 g - a scroll of fog {unknown}
 h - a scroll of enchant weapon {unknown}
 n - a scroll of identify {unknown}
Potions
 i - 2 potions of curing {unknown}
 k - a potion of might
 l - a potion of haste {unknown}
Comestibles
 c - 2 rations


   Skills:
 + Level 3.8 Fighting
 * Level 4.0 Axes
 + Level 1.5 Armour
 - Level 2.6 Dodging
 - Level 2.4 Stealth
 + Level 1.8 Shields


You had 3 spell levels left.
You didn't know any spells.
Your spell library was empty.

Dungeon Overview and Level Annotations

Branches:
Dungeon (3/15)

Altars:
Dithmenos

Annotations:
D:2 Natasha


Innate Abilities, Weirdness & Mutations

You cannot be hasted, slowed, berserked, paralysed or teleported.
You can dig through walls and to a lower floor.
Your four strong arms can wield two-handed weapons with a shield.
((You have a pair of large antennae on your head. (SInv)))


Message History

You dig through the rock wall.
You dig through the rock wall.
You are feeling very hungry.
You dig through the rock wall.
Natasha misses you.
You dig through the rock wall.
You retract your mandibles.
You hit Natasha but do no damage.
Natasha casts a spell.
You hit Natasha. You block Natasha's attack.
You hit Natasha. You block Natasha's attack.
You hit Natasha. Natasha claws you!
* * * LOW HITPOINT WARNING * * *
You completely miss Natasha. Natasha claws you.
* * * LOW HITPOINT WARNING * * *
Natasha casts a spell at you. The magic dart hits you.
* * * LOW HITPOINT WARNING * * *
It was a potion of lignification.
You turn into a tree.
Your +0 ring mail melds into your body.
Your roots penetrate the ground.
Natasha claws you.
You die...

###.#......#.>.........
#.#..##..#####.####..
...........# #.......
####..###.#.# #######.
#..###.#.#### ##
#...........#
....##.##.##.#
.######.##.#
###.###♣##....#
#.....##h#.####
#...%.#{##.#####.# ##
#..?..##.#.......# ..
#.....#.##.####### #.
#.....##.#.#### #.
##..## #.##....# #.
#.##.####.####.#
###.###.#...#.## #.#


You could see Natasha.

Vanquished Creatures
  Natasha (D:2)
  A worm (D:2)
  2 dart slugs (D:2)
  2 bats
  4 giant cockroaches (D:1)
  5 goblins
  5 hobgoblins
  7 jackals
  A quokka (D:2)
  A ball python (D:1)
  5 frilled lizards
  5 kobolds
  6 rats
  A plant (D:1)
46 creatures vanquished.

Notes
Turn   | Place    | Note
-------+----------+-------------------------------------------
     0 | D:1      | tv1990 the Formicid Monk began the quest for the Orb.
     0 | D:1      | Reached XP level 1. HP: 18/18 MP: 1/1
   108 | D:1      | Reached XP level 2. HP: 13/24 MP: 2/2
   378 | D:1      | Reached skill level 1 in Shields
   420 | D:1      | Reached XP level 3. HP: 26/29 MP: 3/3
   423 | D:1      | Reached skill level 1 in Armour
   837 | D:2      | Noticed Natasha
   851 | D:2      | Killed Natasha
   851 | D:2      | Reached XP level 4. HP: 36/37 MP: 4/4
  1266 | D:2      | Reached skill level 4 in Axes
  1272 | D:2      | Noticed Natasha
  1297 | D:3      | Found a shadowy altar of Dithmenos.
  1585 | D:2      | HP: 1/37 [Natasha/magic dart (3)]
  1586 | D:2      | Slain by Natasha

Skill      XL: |  1  2  3  4 |
---------------+-------------+-----
Shields        | 1 |  1.8
Armour         | 1 |  1.5
Axes           | 4 |  4.0
Fighting       | |  3.8
Dodging        | |  2.6
Stealth        | |  2.4

Action                   |  1- 3 |  4- 6 || total
-------------------------+-------+-------++-------
Melee: Hand axe          |   149 |    90 ||   239
 Abil: Dig               |     2 |     5 ||     7
  Use: Potion            |       |     1 ||     1
 Stab: Sleeping          |     2 |     1 ||     3
  Eat: Chunk             |       |     3 ||     3
Armor: Robe              |    12 |       ||    12
       Ring mail         |     2 |    18 ||    20
Dodge: Dodged            |    49 |    40 ||    89
Block: Buckler           |    18 |    13 ||    31

Levels and vault maps discovered:
D:1:      roderic_crop_circles_arrival_small, layout_rooms
D:2:      layout_loops_cross, first_ration, uniq_natasha,
          uniq_crazy_yiuf_cottage
D:3:      layout_loops_corners, grunt_dithmenos_smoke, lemuel_crystal_altar,
          chequers_ecumenical_altar_simple
